 Dungeon Sprint DCSS version 0.19.3-4-gbf9329e (webtiles) character file.

980 Kagutsuchi the Fighter (level 7, -2/66 HPs)
             Began as a White Draconian Berserker on Jan 27, 2017.
             Was an Elder of Trog.
             Engulfed by a cloud of steam (16 damage)
             ... in the Dungeon (Sprint II: "The Violet Keep of Menkaure").
             The game lasted 00:03:56 (1023 turns).

Kagutsuchi the Fighter (White Draconian Berserker)  Turns: 1023, Time: 00:03:57

Health: -2/66      AC:  6    Str: 20    XL:     7   Next: 96%
Magic:  16/16      EV: 17    Int:  7    God:    Trog [****..]
Gold:   25         SH:  0    Dex: 12    Spells: 0 memorised, 6 levels left

rFire  . . .     SeeInvis .     j - +1 flail of Responsibility {flame, MP+9} (curse)
rCold  + . .     Gourm    .     (armour unavailable)
rNeg   . . .     Faith    .     (no shield)
rPois  .         Spirit   .     (helmet restricted)
rElec  .         Reflect  .     (no cloak)
rCorr  .         Harm     .     (no gloves)
MR     .....     NoTele   +     (no boots)
Stlth  +.........               (no amulet)
                                (no ring)
                                (no ring)

@: no status effects
A: breathe frost, unfitting armour, cold resistance 1, frail 1, cold-blooded, AC
+6
a: Breathe Frost, Berserk, Trog's Hand, Brothers in Arms, Burn Spellbooks,
Renounce Religion


You were in the Dungeon.
You worshipped Trog.
Trog was greatly pleased with you.
You were not hungry.

You visited 1 branch You collected 729 gold pieces.
You spent 704 gold pieces at shops.

Inventory:

Hand Weapons
 a - a +0 falchion
 j - the cursed +1 flail of Responsibility (weapon) {flame, MP+9}
   (You bought it in a shop in the Dungeon)

   It has been specially enchanted to burn those struck by it, causing extra
   injury to most foes and up to half again as much damage against particularly
   susceptible opponents.
   It affects your magic capacity (+9).
   It has a curse placed upon it.
Missiles
 i - 8 needles of confusion
Scrolls
 h - a scroll of blinking
 m - a scroll of identify {unknown}
Potions
 c - 4 potions of curing
 d - 4 potions of heal wounds
 e - a potion of haste
 f - 2 potions of magic
 g - a potion of berserk rage
Comestibles
 b - a bread ration
 k - a meat ration
 l - a royal jelly


   Skills:
 + Level 11.3 Fighting
 + Level 10.7 Long Blades
 + Level 9.5 Dodging
 + Level 0.2 Stealth


You had 6 spell levels left.
You didn't know any spells.

Dungeon Overview and Level Annotations

Branches:
Dungeon (1/1)

Altars:
Elyvilon
Fedhas
Gozag
Makhleb
Nemelex Xobeh
Okawaru
Vehumet

Shops:
D :%=!([(?![*%}==:

Annotations:
D exclusion: oklob plant, Roxanne


Innate Abilities, Weirdness & Mutations

You can breathe waves of freezing cold.
You can buffet flying creatures when you breathe cold.
Your icy white scales are hard. (AC +6)
You cannot fit into any form of body armour.
Your flesh is cold resistant. (rC+)
You are cold-blooded and may be slowed by cold attacks.
You are frail. (-10% HP)


Message History

You enter the shallow water.
Moving in this stuff is going to be slow.
Marking area around Roxanne as unsafe for travelling.
You are engulfed in a cloud of scalding steam.
You are engulfed in a cloud of scalding steam.
You are engulfed in a cloud of scalding steam.
You are engulfed in a cloud of scalding steam.
* * * LOW HITPOINT WARNING * * *
Found an opulent altar of Gozag and an iron altar of Okawaru.
Really walk into that cloud of steam? [Y]es or [N]o only, please.
Really walk into that cloud of steam?
You are engulfed in a cloud of scalding steam.
* * * LOW HITPOINT WARNING * * *
Found a blossoming altar of Fedhas.
Really walk into that cloud of steam? [Y]es or [N]o only, please.
Really walk into that cloud of steam?
You are engulfed in a cloud of scalding steam.
You die...

≈####.#†## # ##.###†##
.##..# #...##.##.w.#..#
# '.##'.<.+# +..### .##.
#...##.##.w$#....###...#
##.###'# .##......≈≈≈≈≈
≈####.######§≈.§§§.≈#+##
≈≈≈#.##..#≈≈≈§≈≈≈§.≈#_._
'#≈##...##≈≈≈§§≈@§.≈#._.
.#≈≈##+##≈≈§≈§§≈§§≈≈#_._
###≈≈≈≈≈≈≈≈≈≈§≈§§§≈≈#._.
#+++#+++#§§§§≈§≈≈≈#.._
≈≈.≈≈ ##§§≈###§§#...
§≈§.§§≈§§##≈≈# §§#...
+§≈≈§§8.≈≈§≈+§§# #...
##.≈≈§≈§§§≈##≈§≈ ###
##§≈≈.§≈§## ####


There were no monsters in sight!

Vanquished Creatures
  4 neqoxecs (D)
  Menkaure (D)
  4 necrophages (D)
  3 worms (D)
12 creatures vanquished.

Vanquished Creatures (others)
  A crocodile (D)
1 creature vanquished.

Grand Total: 13 creatures vanquished

Notes
Turn   | Place    | Note
-------+----------+-------------------------------------------
     0 | D        | Kagutsuchi the Draconian Berserker began the quest for the Orb.
     0 | D        | Reached XP level 1. HP: 19/19 MP: 1/1
     1 | D        | Noticed a tyrant leech
     1 | D        | Noticed a tyrant leech
     5 | D        | Noticed a necrophage
     5 | D        | Noticed a necrophage
     5 | D        | Noticed a necrophage
     5 | D        | Noticed a necrophage
    10 | D        | Killed a necrophage
    10 | D        | Reached skill level 6 in Fighting
    10 | D        | Reached skill level 5 in Long Blades
    10 | D        | Reached skill level 5 in Dodging
    10 | D        | Reached XP level 2. HP: 30/30 MP: 2/2
    10 | D        | Reached XP level 3. HP: 37/37 MP: 3/3
    10 | D        | Reached XP level 4. HP: 44/44 MP: 4/4
    13 | D        | Killed a necrophage
    13 | D        | Reached skill level 7 in Fighting
    13 | D        | Reached XP level 5. HP: 52/52 MP: 5/5
    19 | D        | Killed a necrophage
    19 | D        | Reached ** piety under Trog
    19 | D        | Reached skill level 8 in Fighting
    25 | D        | Killed a necrophage
    25 | D        | Reached skill level 9 in Fighting
    25 | D        | Reached XP level 6. HP: 62/62 MP: 6/6
    33 | D        | Noticed a neqoxec
    37 | D        | Gained mutation: Your muscles are strong. (Str +2) [a neqoxec]
    40 | D        | Gained mutation: You are frail. (-10% HP) [a neqoxec]
    44 | D        | Killed a neqoxec
    79 | D        | Noticed a neqoxec
    80 | D        | Noticed a neqoxec
    80 | D        | Noticed a neqoxec
    84 | D        | Killed a neqoxec
    84 | D        | Reached *** piety under Trog
    84 | D        | Reached skill level 10 in Fighting
    84 | D        | Your scales start taking on an icy white colour.
    84 | D        | Reached XP level 7. HP: 64/64 MP: 7/7
    84 | D        | Gained mutation: Your flesh is cold resistant. (rC+) [White Draconian growth]
    88 | D        | Killed a neqoxec
    88 | D        | Received a gift from Trog
    88 | D        | Reached skill level 10 in Long Blades
    95 | D        | Lost mutation: Your muscles are strong. (Str +2) [a neqoxec]
    97 | D        | Killed a neqoxec
    97 | D        | Reached skill level 11 in Fighting
   151 | D        | Reached **** piety under Trog
   161 | D        | Noticed an orange crystal statue
   163 | D        | Noticed Menkaure
   167 | D        | Killed Menkaure
   168 | D        | Found Givir's Book Shoppe.
   177 | D        | Found Qitu's Jewellery Shoppe.
   178 | D        | Found Ylesk's General Store.
   178 | D        | Found Ququyt's Food Shoppe.
   178 | D        | Found Xasos's Gadget Shoppe.
   179 | D        | Found Fugulac's Antique Weapon Emporium.
   179 | D        | Found Cariakergh's Magic Scroll Shoppe.
   179 | D        | Found Lovof's Distillery.
   180 | D        | Found Roucuku's Distillery.
   180 | D        | Found Izxullan's Antique Weapon Shoppe.
   180 | D        | Found Coplupne's Antique Armour Emporium.
   243 | D        | Found Menkywaech's Jewellery Emporium.
   243 | D        | Found Plog's Antique Armour Shoppe.
   245 | D        | Found Raull's Food Emporium.
   245 | D        | Found Dokiu's Jewellery Shoppe.
   255 | D        | Noticed an iron elemental
   260 | D        | Noticed an oklob plant
   261 | D        | Found Ijawyub's Book Shoppe.
   275 | D        | Bought a bloodstained flail for 212 gold pieces
   275 | D        | Identified the cursed +1 flail of Responsibility {flame, MP+9} (You bought it in a shop in the Dungeon)
   281 | D        | Bought a bread ration for 70 gold pieces
   281 | D        | Bought a meat ration for 70 gold pieces
   281 | D        | Bought a royal jelly for 28 gold pieces
   283 | D        | Bought 2 potions of heal wounds for 120 gold pieces
   283 | D        | Bought a potion of curing for 36 gold pieces
   283 | D        | Bought a potion of heal wounds for 60 gold pieces
   283 | D        | Bought a potion of curing for 36 gold pieces
   283 | D        | Bought a potion of curing for 36 gold pieces
   283 | D        | Bought a potion of curing for 36 gold pieces
   329 | D        | Noticed a blink frog
  1011 | D        | Noticed Roxanne
  1021 | D        | Found an opulent altar of Gozag.
  1021 | D        | Found an iron altar of Okawaru.
  1022 | D        | Found a sparkling altar of Nemelex Xobeh.
  1022 | D        | Found a blossoming altar of Fedhas.
  1023 | D        | Found a burning altar of Makhleb.
  1023 | D        | Found a radiant altar of Vehumet.
  1023 | D        | Found a white marble altar of Elyvilon.
  1023 | D        | Engulfed by a cloud of steam

Skill      XL: |  1  2  3  4  5  6  7 |
---------------+----------------------+-----
Fighting       | 6 7 9 10 11 | 11.3
Long Blades    | 5 7 8 9 10 | 10.7
Dodging        | 5 6 7 8 9 |  9.5
Stealth        | |  0.2

Action                   |  1- 3 |  4- 6 |  7- 9 || total
-------------------------+-------+-------+-------++-------
Melee: Falchion          |     4 |    29 |    23 ||    56
       Tailslap          |     2 |     6 |     6 ||    14
       Flail             |       |       |    14 ||    14
Invok: Berserk           |     1 |     1 |     1 ||     3
  Use: Potion            |       |       |     1 ||     1
  Eat: Bread ration      |       |       |     1 ||     1
Armor: Skin              |       |     4 |     2 ||     6
Dodge: Dodged            |     2 |    23 |    26 ||    51
       Rpst.: Falchion   |     1 |     8 |     4 ||    13
